 Dungeon Crawl Stone Soup version 0.28.0-49-g6dfe1f597d (webtiles) character file.

Game seed: 17927075591980842627

22 Zeld the Skirmisher (level 2, 18/28 HPs)
             Began as a Naga Berserker on May 16, 2022.
             Was a Follower of Trog.
             Quit the game on level 2 of the Dungeon.
             The game lasted 00:00:47 (1707 turns).

Zeld the Skirmisher (Naga Berserker)                Turns: 1707, Time: 00:00:47

Health: 18/28      AC:  1    Str: 19    XL:     2   Next: 91%
Magic:  2/2        EV: 10    Int:  7    God:    Trog [*.....]
Gold:   60         SH:  0    Dex: 10    Spells: 1/1 levels left

rFire   . . .      SeeInvis +   a - +0 falchion
rCold   . . .      Faith    .   (no shield)
rNeg    . . .      Spirit   .   b - +0 animal skin
rPois   +          Reflect  .   (no helmet)
rElec   .          Harm     .   (no cloak)
rCorr   .          Rampage  .   (no gloves)
Will    .....                   (no barding)
Stlth   +.........              (no amulet)
HPRegen 0.09/turn               (no ring)
MPRegen 0.08/turn               (no ring)

@: very slow
A: AC +0, large, see invisible, deformed body, poison resistance, slowness 2,
spit poison 1, naga tail 1
a: Spit Poison, Renounce Religion, Berserk


You were on level 2 of the Dungeon.
You worshipped Trog.
Trog was aware of your devotion.
You visited 1 branch of the dungeon, and saw 2 of its levels.

You collected 60 gold pieces.

Inventory:

Hand Weapons
 a - a +0 falchion (weapon)
Armour
 b - a +0 animal skin (worn)
Scrolls
 c - 2 scrolls of immolation {unknown}
 d - 2 scrolls of acquirement {unknown}
 e - a scroll of enchant armour {unknown}
 f - a scroll of identify {unknown}


   Skills:
 * Level 3.3 Fighting
 * Level 3.3 Long Blades
 + Level 1.8 Armour
 + Level 1.8 Dodging


You had one spell level left.
You didn't know any spells.
Your spell library was empty.

Dungeon Overview and Level Annotations

Branches:
Dungeon (2/15)

Altars:


Innate Abilities, Weirdness & Mutations

Your serpentine skin is tough. (AC +0)
You have supernaturally acute eyesight. (SInv)
Armour fits poorly on your strangely shaped body.
Your system is resistant to poisons. (rPois)
You cover ground very slowly.
You can spit poison.
You have a snake-like lower body.


Message History

You miss the goblin. The goblin hits you with a +0 club. x2
You slash the goblin!
You kill the goblin!
Trog accepts your kill.
No target in view!
HP restored.
Things that are here:
a +0 club; a goblin corpse No target in view!
Found a stone staircase leading down.
No target in view!
No target in view!
A goblin comes into view. It is wielding a +0 club.
The goblin shouts!
Found a stone staircase leading down.
A goblin is nearby!
A goblin is nearby!
The goblin barely misses you.
You barely miss the goblin. The goblin barely misses you.
You closely miss the goblin. The goblin barely misses you.
A goblin is nearby!
You barely miss the goblin. The goblin closely misses you.
A goblin is nearby!
You barely miss the goblin. The goblin hits you with a +0 club.
A goblin is nearby!
You closely miss the goblin. The goblin hits you with a +0 club.
You closely miss the goblin. The goblin hits you with a +0 club.
A goblin is nearby!
You barely miss the goblin. The goblin hits you with a +0 club. x2
You are too injured to fight recklessly!
You are too injured to fight recklessly!
You hit the goblin.
You kill the goblin!
Trog accepts your kill.
Key pressed, stopping explore.
You are too injured to fight recklessly!
Things that are here:
a +0 club; a goblin corpse A hobgoblin comes into view.
Are you sure you want to abandon this character and quit the game? (Confirm with "yes".)

.................#
#.#.#.##....)....#
##.#g...##.#...##.##
#........#.#...##...
.>.........#...##.##
##.....#.######...
#.......# ####
###.#..#### #.@)...#
#>.....##......
#.......#######
#.......# #.......#
#.......# #.......#
#.......#


You could see a hobgoblin (wandering).

Vanquished Creatures
  3 endoplasms (D:1)
  A giant cockroach (D:1)
  2 hobgoblins (D:1)
  2 quokkas (D:1)
  3 ball pythons (D:1)
  A frilled lizard (D:1)
  4 goblins
  5 rats
21 creatures vanquished.

Notes
Turn   | Place    | Note
-------+----------+-------------------------------------------
     0 | D:1      | Zeld the Naga Berserker began the quest for the Orb.
     0 | D:1      | Reached XP level 1. HP: 21/21 MP: 1/1
   413 | D:1      | Reached XP level 2. HP: 24/28 MP: 2/2
  1440 | D:1      | Found a faded altar of an unknown god.
  1707 | D:2      | Quit the game

Illustrated notes

Levels and vault maps discovered:
D:1:      mrwooster_arrival_arrow, layout_basic, ebering_ecumenical_altar_rust,
          nrook_campfire, hangedman_abyss_or_decor_lesser_grid
D:2:      layout_loops_cross, uniq_robin

Action                   || total
-------------------------++-------
Melee: Falchion          ||    66
Armor: Animal skin       ||     9
Dodge: Dodged            ||    26
